 Dungeon Sprint DCSS version 0.30-a0-824-g6c64550be9 (webtiles) character file.

Game seed: 12224906207299044644

1100000 BigDaddyOpFi the Nimble (level 12, -6/92 HPs)
             Began as a Djinni Warper on Feb 27, 2023.
             Was a Believer of Makhleb.
             Mangled by a meat berserker
             ... wielding a +9 battleaxe
              (55 damage)
             ... in the Dungeon (Sprint VIII: "Arena of Blood").
             The game lasted 00:00:12 (11 turns).

BigDaddyOpFi the Nimble (Djinni Warper)               Turns: 11, Time: 00:00:12

Health: -6/92      AC:  4    Str: 10    XL:     12   Next: 35%
Gold:   0          EV: 18    Int: 15    God:    Makhleb [**....] SH:  0 Dex: 18

rFire   + + .      SeeInvis .    h - +∞ Axe of Woe
rCold   x . .      Faith    .    (shield currently unavailable)
rNeg    . . .      Spirit   .    a - +0 leather armour
rPois   ∞          Reflect  .    (no helmet)
rElec   .          Harm     .    (no cloak)
rCorr   .          Rampage  .    (no gloves)
Will    +....      NoTele   +    (boots unavailable)
Stlth   ++++                     (no amulet)
HPRegen 0.35/turn                (no ring)
MPRegen 0.00/turn                (no ring)

@: flying
A: sickness immunity, fire resistance 2, cold vulnerability 1, float, innate
caster, HP casting, extra vitality 1
a: Renounce Religion, Minor Destruction


You were in the Dungeon.
You worshipped Makhleb.
Makhleb was pleased with you.
You visited 1 branch

Inventory:

Hand Weapons
 h - the +∞ Axe of Woe (weapon)
   (You found it in the Dungeon)
Missiles
 c - 7 boomerangs of dispersal (quivered)
Armour
 a - a +0 leather armour (worn)
Scrolls
 b - 2 scrolls of blinking
Potions
 d - a potion of curing
 e - a potion of heal wounds
 f - a potion of haste
 g - a potion of berserk rage


   Skills:
 + Level 10.5 Fighting
 + Level 8.6 Axes
 + Level 8.7 Throwing
 + Level 10.4 Armour
 + Level 11.5 Dodging
 + Level 9.5 Stealth
 + Level 10.5 Unarmed Combat
 + Level 8.4 Spellcasting
 + Level 10.2 Invocations


You knew the following spells:

 Your Spells              Type           Power      Damage    Failure   Level
a - Blink                 Tloc           62%        N/A       1%          2
b - Lesser Beckoning      Tloc           62%        N/A       1%          2
c - Vhi's Electric Charg  Tloc/Air       62%        N/A       1%          3
d - Teleport Other        Tloc           31%        N/A       1%          3
e - Manifold Assault      Tloc           31%        N/A       4%          4
f - Freeze                Ice            100%       1d10      1%          1
g - Static Discharge      Conj/Air       62%        2-5/arc   1%          2
h - Kindle Blastsparks    Fire/Tloc/Air  62%        2d15      1%          3
i - Ozocubu's Armour      Ice            31%        N/A       1%          3
j - Iskenderun's Mystic   Conj/Tloc      31%        2d8       4%          4
Your spell library was empty.

Dungeon Overview and Level Annotations

Branches:
Dungeon (1/1)

Altars:
Makhleb


Innate Abilities, Weirdness & Mutations

You are immune to sickness and miasma.
You are immune to poison.
Your flesh is very heat resistant. (rF++)
You are vulnerable to cold. (rC-)
You float through the air rather than walking.
You learn spells naturally, not from books.
Your magical power is your life essence.
You have superior vitality. (+4 MHP)


Message History

The meat berserker hits you with a +9 battleaxe!!!
Ouch! That really hurt!
You hear a shout! x9
A bag of meat comes into view. It is wielding a +9 war axe.
The bag of meat misses you.
Your Fighting skill increases to level 10!
Your Axes skill increases to level 8!
Your Throwing skill increases to level 8!
Your Armour skill increases to level 10!
Your Dodging skill increases to level 11!
Your Stealth skill increases to level 9!
Your Unarmed Combat skill increases to level 10!
Your Spellcasting skill increases to level 8!
Your Invocations skill gained 2 levels and is now at level 10!
You have reached level 12!
You feel clever.
Unknown command.
The bag of meat shouts!
You hit the meat berserker.
You hew the meat berserker savagely.
You kill the meat berserker!
Makhleb accepts your kill.
You slash the meat berserker!
You chop the meat berserker into pieces.
You kill the meat berserker!
Makhleb accepts your kill.
You hit the bag of meat.
You dissect the bag of meat like a pig carcass.
You kill the bag of meat!
Makhleb accepts your kill.
You can now harness Makhleb's destructive might.
You slash the bag of meat!
You cleave the bag of meat in twain.
You kill the bag of meat!
Makhleb accepts your kill.
You feel better.
You slash the bag of meat!
You hew the bag of meat savagely.
You kill the bag of meat!
Makhleb accepts your kill.
You hear a shout! x8
The meat berserker hits you with a +9 battleaxe!!!
Ouch! That really hurt!
You die...

.. ..... #.
...# #.. ...# .
.###.. ...###..
......###......
......_.....
#..)).# #_.@O_#
#..)O.#
......_.....
......###......
.###.. ...###..
#.. .O.# . #.
...# o. .....


You could see 3 meat berserkers and a bag of meat.

Vanquished Creatures
  2 ogres (D)
  5 orcs (D)
7 creatures vanquished.

Notes
Turn   | Place    | Note
-------+----------+-------------------------------------------
     0 | D        | Found the +∞ Axe of Woe
     0 | D        | BigDaddyOpFi the Djinni Warper began the quest for the Orb.
     0 | D        | BigDaddyOpFi set off with the following spells memorised:
                  | Blink, Lesser Beckoning, Vhi's Electric Charge, Teleport
                  | Other, Manifold Assault.
     0 | D        | Reached XP level 1. HP: 18/18 MP: 0/0
     2 | D        | Noticed a bag of meat
     3 | D        | Noticed a bag of meat
     3 | D        | Noticed a bag of meat
     4 | D        | Became a worshipper of Makhleb the Destroyer
     5 | D        | Noticed a bag of meat
     6 | D        | Noticed a meat berserker
     7 | D        | Noticed a bag of meat
     7 | D        | Noticed a meat berserker
     8 | D        | Noticed a meat berserker
     9 | D        | Killed a bag of meat
     9 | D        | Noticed a meat berserker
    10 | D        | Reached skill level 10 in Dodging
    10 | D        | Reached XP level 2. HP: 30/34 MP: 0/0
    10 | D        | Reached XP level 3. HP: 35/39 MP: 0/0
    10 | D        | Learned a level 1 spell: Freeze
    10 | D        | Reached XP level 4. HP: 40/45 MP: 0/0
    10 | D        | Reached XP level 5. HP: 45/50 MP: 0/0
    10 | D        | Learned a level 2 spell: Static Discharge
    10 | D        | Reached XP level 6. HP: 50/56 MP: 0/0
    10 | D        | Reached XP level 7. HP: 55/61 MP: 0/0
    10 | D        | Learned a level 3 spell: Kindle Blastsparks
    10 | D        | Reached XP level 8. HP: 60/67 MP: 0/0
    10 | D        | Reached XP level 9. HP: 65/72 MP: 0/0
    10 | D        | Learned a level 3 spell: Ozocubu's Armour
    10 | D        | Reached XP level 10. HP: 70/78 MP: 0/0
    10 | D        | Reached XP level 11. HP: 76/84 MP: 0/0
    10 | D        | Learned a level 4 spell: Iskenderun's Mystic Blast
    10 | D        | Killed a bag of meat
    10 | D        | Reached * piety under Makhleb
    10 | D        | Noticed a meat berserker
    10 | D        | Noticed a bag of meat
    11 | D        | Reached skill level 10 in Fighting
    11 | D        | Reached skill level 10 in Armour
    11 | D        | Reached skill level 11 in Dodging
    11 | D        | Reached skill level 10 in Unarmed Combat
    11 | D        | Reached skill level 10 in Invocations
    11 | D        | Reached XP level 12. HP: 28/92 MP: 0/0
    11 | D        | Killed a meat berserker
    11 | D        | Killed a meat berserker
    11 | D        | Killed a bag of meat
    11 | D        | Reached ** piety under Makhleb
    11 | D        | Killed a bag of meat
    11 | D        | Killed a bag of meat
    11 | D        | Mangled by a meat berserker

Illustrated notes

Levels and vault maps discovered:
D:        meatsprint

Skill      XL: |  1  2  3  4  5  6  7  8  9 10 11 |
---------------+----------------------------------+-----
Fighting       | 9 10 | 10.5
Axes           | 7 8 |  8.6
Throwing       | 7 8 |  8.7
Armour         | 9 10 | 10.4
Dodging        | 10 11 | 11.5
Stealth        | 8 9 |  9.5
Unarmed Combat | 9 10 | 10.5
Spellcasting   | 7 8 |  8.4
Invocations    | 8 10 | 10.2

Action                     |  1- 3 |  4- 6 |  7- 9 | 10-12 || total
---------------------------+-------+-------+-------+-------++-------
  Melee: Executioner's axe |     1 |       |       |     2 ||     3
  Dodge: Dodged            |       |       |       |     1 ||     1

Table legend: (Time is in decaauts)
 A = Elapsed time spent in this place.
 B = Non-inter-level travel time spent in this place.
 C = Inter-level travel time spent in this place.
 D = Time resting spent in this place.
 E = Time spent auto-exploring this place.
 F = Levels seen in this place.
 G = Mean time per level.
                   A        B        C        D        E       F      G
               +--------+--------+--------+--------+--------+-----+--------+
         Total |     12 |     12 |      0 |      0 |      0 |   1 |   12.0 |
       Dungeon |     12 |     12 |      0 |      0 |      0 |   1 |   12.0 |
               +--------+--------+--------+--------+--------+-----+--------+

Top non-repeatable levels by time:
       D: 12 daAuts
